AoeStats
← jaclay65

Arabia

510444969Analyzed
1v1 RM · 1d ago on Oct 1, 2026· 24m 20s· 2 players
Game mode
Random Map
Map size
Tiny (2 player)
Population
200
Speed
Normal
Resources
Standard
Victory
Conquest
Starting age
Dark Age
Ending age
Imperial Age
RankedLock teamsTeams togetherTeam positionsShared explorationLock speedFull tech treeHidden civsTurbo modeCheats
Victory
Defeat
🇺🇸 Byzantines · United States
1239
+16
🇨🇴 Huns · Colombia
1241
-16
jaclay65
6:57 Loom
9:32 Feudal Age
9:59 Double-Bit Axe
16:40 Horse Collar
20:18 Castle Age
18:39 Scale Barding Armor
18:39 Gold Mining
19:58 Forging
21:18 Chain Barding Armor
21:19 Husbandry
21:48 Bow Saw
23:07 Fletching
JAGR | Elu_Thingol
6:26 Loom
7:03 Loom
9:43 Feudal Age
16:22 Double-Bit Axe
19:50 Castle Age
18:51 Fletching
19:09 Gold Mining
20:51 Husbandry
21:47 Bow Saw
Connection lost

Rejoining the realm…

Still unreachable

The connection could not be restored.

Session expired

The server has moved on; the page needs a fresh start.